Cogmind - Beta 10.2 @@@ ROGUE MODE // 2021.05.21 @ 04:27:42 Player: RavenousxxxDemon Result: Self-destructed Performance ------------- Evolutions (2) 1000 Regions Visited (4) 800 Robots Destroyed (30) 150 Value Destroyed (736) 736 Prototype IDs (0) 0 Alien Tech Used (0) 0 Bonus (0) 0 TOTAL SCORE: 2686 Bonus ------- None Cogmind --------- Core Integrity 478/550 Matter 7/300 Energy 98/100 System Corruption 0% Temperature Cool (0) Movement Treading (210) Ox2 Location -8/Materials Parts ------- > --- POWER (1) -------- (None) > --- PROPULSION (3) --- Armored Treads > --- UTILITY (4) ------ Improved Heat Sink Large Storage Unit Large Storage Unit Field Recycling Unit > --- WEAPON (3) ------- Light Assault Rifle > --- INVENTORY (16) --- Light Ion Engine Aluminum Leg Blade Trap Blade Trap Peak State ------------ > --- POWER ------------ Improved Ion Engine > --- PROPULSION ------- Wheel Hover Unit > --- UTILITY ---------- Improved Heat Sink Large Storage Unit Large Storage Unit > --- WEAPON ----------- Light Assault Rifle Light Cannon Mini Grenade Launcher > --- INVENTORY -------- Light Ion Engine Armored Treads Aluminum Leg Field Recycling Unit Medium Laser Blade Trap Blade Trap [Rating: 14] Favorites ----------- Power Light Ion Engine Engine Light Ion Engine Propulsion Wheel Treads Light Treads Wheel Wheel Hover Unit Hover Unit Utility Large Storage Unit Device Improved Heat Sink Storage Large Storage Unit Protection Light Armor Plating Weapon Mini Grenade Launcher Energy Gun Medium Laser Ballistic Gun Assault Rifle Ballistic Cannon Light Cannon Launcher Mini Grenade Launcher Build | -11 -10 -10 -9 -8 ------- Run | Scr Mat Min Mat Mat Slots Evolved 4 | . . . 2 2 Power . | . . . . . Propulsion 1 | . . . . 1 Utility 2 | . . . 1 1 Weapon 1 | . . . 1 . Parts Attached 30 | 6 6 . 11 7 Power 4 | 1 1 . 2 . Engine 4 | 1 1 . 2 . Core . | . . . . . Reactor . | . . . . . Propulsion 6 | 2 . . 3 1 Treads 2 | . . . 1 1 Leg . | . . . . . Wheel 3 | 2 . . 1 . Hover 1 | . . . 1 . Flight . | . . . . . Utility 6 | 1 2 . 1 2 Device 2 | . . . . 2 Storage 3 | 1 2 . . . Processor . | . . . . . Hackware . | . . . . . Protection 1 | . . . 1 . Artifact . | . . . . . Weapon 14 | 2 3 . 5 4 Energy Gun 3 | 2 . . . 1 Energy Cannon . | . . . . . Ballistic Gun 6 | . 2 . 2 2 Ballistic Cannon 1 | . . . . 1 Launcher 4 | . 1 . 3 . Special Weapon . | . . . . . Impact Weapon . | . . . . . Slashing Weapon . | . . . . . Piercing Weapon . | . . . . . Special Melee Weapon . | . . . . . Unidentified Prototypes . | . . . . . Parts Lost 19 | . 2 . 11 6 Power 3 | . . . 2 1 Propulsion 5 | . . . 3 2 Utility 1 | . . . 1 . Weapon 10 | . 2 . 5 3 Highest Loss Streak 6 | . 1 . 5 6 Average Slot Usage (%) 74 | . 93 100 67 67 Engine 9 | . 14 14 7 9 Treads 3 | . . . 5 . Wheel 9 | . 28 28 3 6 Hover 2 | . . . 2 8 Storage 22 | . 22 28 22 18 Energy Gun 1 | . 9 . . . Ballistic Gun 11 | . 15 28 10 3 Launcher 10 | . 3 . 14 6 Naked Turns . | . . . . . Heaviest Build 52 | 12 41 39 42 52 Greatest Support 26 | 26 26 26 26 20 Greatest Overweight (x) 17 | . 1 1 12 17 Average Overweight (x) 1 | . . 1 2 4 Largest Inventory Capacity 16 | 6 16 16 16 16 Average Capacity 14 | 5 11 16 16 16 Most Carried 11 | 5 9 11 11 9 Average Carried 7 | 2 5 9 8 6 Final Capacity 16 | 6 16 16 16 16 Final Carried 11 | 3 8 11 8 4 Class Distribution -------------------- 67% | Mutant 14% | Gunner 13% | Bomber 4% | Tank Dominant Class ---------------- Mutant | -10/Materials Mutant | -10/Mines Mutant | -9/Materials Mutant | -8/Materials Resources | -11 -10 -10 -9 -8 ----------- Run | Scr Mat Min Mat Mat Matter Collected 578 | 167 68 66 277 . Remotely . | . . . . . Salvage Created 553 | . 101 . 452 . Parts 55 | . 10 . 45 . Haulers Intercepted . | . . . . . Recyclers Shooed 3 | . . . 3 . Parts Field Recycled 3 | . . . . 3 Retrieved Matter 17 | . . . . 17 Parts Self-Destructed . | . . . . . Prevented . | . . . . . Kills | -11 -10 -10 -9 -8 ------- Run | Scr Mat Min Mat Mat Combat Hostiles Destroyed 17 | . 2 . 15 . Guns 5 | . 2 . 3 . AOE 12 | . . . 12 . Classes Destroyed 7 | . 4 . 3 . Worker 4 | . 1 . 3 . Builder 4 | . 1 . 3 . Operator 1 | . . . 1 . Watcher 4 | . 1 . 3 . Swarmer 4 | . . . 4 . Grunt 9 | . 2 . 7 . Sentry 4 | . . . 4 . Best Kill Streak 10 | . 3 . 10 . Combat Bots Only 6 | . 1 . 6 . Max Kills in Single Turn 4 | . 1 . 4 . Gunslinging . | . . . . . Exploded 2 | . . . 2 . Melee . | . . . . . Uniques/NPCs Destroyed . | . . . . . Combat | -11 -10 -10 -9 -8 -------- Run | Scr Mat Min Mat Mat Damage Taken 1910 | 2 394 4 1135 375 Core 503 | . 58 . 373 72 Absorbed by Shields . | . . . . . Core Remaining (%) 60 | 100 . 76 6 . Volleys Fired 45 | . 15 . 28 2 Largest 3 | . 2 . 3 3 Hottest 90 | . 90 . 83 85 Shots Fired 94 | . 27 . 63 4 Gun 58 | . 23 . 33 2 Cannon 1 | . . . . 1 Launcher 35 | . 4 . 30 1 Special . | . . . . . Kinetic 45 | . 10 . 33 2 Thermal 14 | . 13 . . 1 Explosive 35 | . 4 . 30 1 Electromagnetic . | . . . . . Robot Hit Streak 7 | . 7 . 6 2 Robot Miss Streak 3 | . 2 . 3 1 Penetration Max . | . . . . . Secondary Targets . | . . . . . Shots Hit Robots 55 | . 21 . 32 2 Core Hits 55 | . 11 2 42 . Critical Hits 2 | . 2 . . . Critical Kills . | . . . . . Critical Parts Destroyed 2 | . 2 . . . Melee Attacks . | . . . . . Impact . | . . . . . Slashing . | . . . . . Piercing . | . . . . . Sneak Attacks . | . . . . . Combat Hostiles . | . . . . . Follow-up Attacks . | . . . . . Damage Inflicted 2225 | 4 560 9 1606 46 Guns 488 | . 226 . 262 . Cannons 19 | . . . . 19 Explosions 1705 | . 334 . 1344 27 Melee . | . . . . . Ramming 13 | 4 . 9 . . Kinetic 374 | . 93 . 262 19 Thermal 264 | . 264 . . . Explosive 1513 | . 203 . 1283 27 Electromagnetic 61 | . . . 61 . Impact . | . . . . . Slashing . | . . . . . Piercing . | . . . . . Highest Corruption . | . . . . . Average Corruption . | . . . . . Corruption Purged . | . . . . . Overload Shots . | . . . . . Overflow Damage 89 | . 16 . 73 . Projectiles . | . . . . . Explosions 89 | . 16 . 73 . Melee . | . . . . . Knockbacks . | . . . . . Impact . | . . . . . Kinetic . | . . . . . Secondary . | . . . . . Self-Inflicted Damage 664 | 2 180 4 478 . Shots 18 | . 4 . 14 . Rammed 4 | 2 . 2 . . Targets Rammed 4 | 2 . 2 . . Kicked . | . . . . . Crushed . | . . . . . Highest Temperature 184 | . 184 . 27 . Average Temperature 61 | . 92 . 9 . Received Heat Transfer 462 | . 102 . 207 153 Siege Activations . | . . . . . Robots Corrupted . | . . . . . Combat Hostiles . | . . . . . Parts Fried . | . . . . . Impact Corruptions . | . . . . . Robots Melted . | . . . . . Combat Hostiles . | . . . . . Parts Melted 1 | . 1 . . . Heat Transferred 471 | . 471 . . . Parts Sabotaged . | . . . . . Parts Stolen . | . . . . . Parts Stripped . | . . . . . Power Chain Reactions . | . . . . . Missiles Intercepted . | . . . . . Alert | -11 -10 -10 -9 -8 ------- Run | Scr Mat Min Mat Mat Peak Influence 305 | . 197 76 305 87 Initial 76 | . . 76 29 52 Average 126 | . 90 76 159 54 Maximum Alert Level 1 | . . . 1 . Low Security (%) 78 | 100 100 100 65 100 Level 1 21 | . . . 34 . Level 2 . | . . . . . Level 3 . | . . . . . Level 4 . | . . . . . Level 5 . | . . . . . High Security . | . . . . . Max Security . | . . . . . Squads Dispatched 2 | . . . 2 . Investigation . | . . . . . Extermination . | . . . . . Reinforcement 2 | . . . 2 . Assault . | . . . . . Garrison . | . . . . . Intercept . | . . . . . Construction Impeded . | . . . . . Haulers Reinforced . | . . . . . Stealth | -11 -10 -10 -9 -8 --------- Run | Scr Mat Min Mat Mat Distress Signals 1 | . . . 1 . Communications Jammed . | . . . . . Distress Signals . | . . . . . Times Spotted 34 | . 7 . 23 4 Peak Tracking Total 4 | . 3 . 4 3 Tactical Retreats 3 | . 2 . . 1 Traps | -11 -10 -10 -9 -8 ------- Run | Scr Mat Min Mat Mat Traps Triggered 1 | . 1 . . . Indirectly . | . . . . . Trap Hack Attempts . | . . . . . Triggered . | . . . . . Disarmed . | . . . . . Reprogrammed . | . . . . . Reused . | . . . . . Traps Extracted . | . . . . . Installed . | . . . . . Triggered . | . . . . . Machines | -11 -10 -10 -9 -8 ---------- Run | Scr Mat Min Mat Mat Machines Disabled 8 | . 4 . 4 . Max in Single Turn 3 | . 3 . 2 . Machines Sabotaged . | . . . . . Garrisons Compromised . | . . . . . Overloaded Fab Kills . | . . . . . Fab Network Shutdowns . | . . . . . Hacking | -11 -10 -10 -9 -8 --------- Run | Scr Mat Min Mat Mat Machines Accessed 2 | . 1 . 1 . Terminals . | . . . . . Fabricators . | . . . . . Repair Stations . | . . . . . Recycling Units 2 | . 1 . 1 . Scanalyzers . | . . . . . Garrison Access . | . . . . . Total Hacks 3 | . 1 . 2 . Successful 1 | . 1 . . . Failed 2 | . . . 2 . Catastrophic . | . . . . . Database Lockouts . | . . . . . Manual . | . . . . . Terminals . | . . . . . Fabricators . | . . . . . Repair Stations . | . . . . . Recycling Units 3 | . 1 . 2 . Scanalyzers . | . . . . . Garrison Access . | . . . . . Terminal Hacks . | . . . . . Fabricator Hacks . | . . . . . Repair Station Hacks . | . . . . . Recycling Unit Hacks 1 | . 1 . . . Report Inventory 1 | . 1 . . . Scanalyzer . | . . . . . Garrison Access Hacks . | . . . . . Unauthorized Hacks . | . . . . . Terminals . | . . . . . Fabricators . | . . . . . Repair Stations . | . . . . . Recycling Units . | . . . . . Scanalyzers . | . . . . . Garrison Access . | . . . . . Data Cores Recovered . | . . . . . Used . | . . . . . Hacking Detections 1 | . . . 1 . Full Trace Events . | . . . . . Feedback Events . | . . . . . Feedback Blocked . | . . . . . Robot Schematics Acquired . | . . . . . Robots Built . | . . . . . Matter . | . . . . . Time . | . . . . . Total Robot Build Rating . | . . . . . Part Schematics Acquired . | . . . . . Parts Built . | . . . . . Matter . | . . . . . Time . | . . . . . Total Part Build Rating . | . . . . . Parts Repaired . | . . . . . Time . | . . . . . Parts Recycled . | . . . . . Recycled Matter . | . . . . . Retrieved Matter . | . . . . . Retrieved Components . | . . . . . Parts Scanalyzed . | . . . . . Part Schematics Acquired . | . . . . . Parts Damaged . | . . . . . Bothacking | -11 -10 -10 -9 -8 ------------ Run | Scr Mat Min Mat Mat Used RIF Installer . | . . . . . Robots Hacked . | . . . . . Non-combat . | . . . . . Combat . | . . . . . Robot Hacks Applied . | . . . . . Relay Couplers Released . | . . . . . Robots Rewired . | . . . . . Allies Hacked . | . . . . . Hacks Repelled . | . . . . . Allies | -11 -10 -10 -9 -8 -------- Run | Scr Mat Min Mat Mat Total Allies . | . . . . . Largest Group . | . . . . . Highest-Rated Group . | . . . . . Highest-Rated Ally . | . . . . . Total Orders . | . . . . . Ally Attacks . | . . . . . Total Damage . | . . . . . Kills . | . . . . . Allies Corrupted . | . . . . . Allies Melted . | . . . . . Intel | -11 -10 -10 -9 -8 ------- Run | Scr Mat Min Mat Mat Robot Analysis Total . | . . . . . Derelict Logs Recovered 1 | . . 1 . . Drone Launches . | . . . . . Drone Recoveries . | . . . . . Exploration | -11 -10 -10 -9 -8 ------------- Run | Scr Mat Min Mat Mat Turns Passed 1585 | 72 312 83 997 121 Spaces Moved 926 | 63 261 79 454 69 Core 14 | 7 . . 4 3 Treads 248 | . . . 245 3 Legs . | . . . . . Wheels 627 | 56 261 79 168 63 Hover 37 | . . . 37 . Flight . | . . . . . Fastest Speed 50 | 50 90 100 100 110 Average Speed 140 | 85 95 100 179 154 Slowest Speed 900 | 90 100 100 650 900 Overloaded Moves . | . . . . . Propulsion Burnouts . | . . . . . Robots Hopped . | . . . . . Cave-ins Triggered . | . . . . . Exploration Rate (%) 24 | 3 35 24 53 9 Regions Visited 4 Branch Regions 1 Pre-discovered Areas . | . . . . . Known Exits Taken . | . . . . . Unknown Exits Taken 4 | 1 1 1 1 . Scrap Searched 1 | . . 1 . . Spaces Dug . | . . . . . Terrain Destroyed 186 | . 13 . 169 4 Melee . | . . . . . Projectile . | . . . . . AOE 186 | . 13 . 169 4 Terrain Rammed . | . . . . . Walls Destroyed . | . . . . . Machines Disabled . | . . . . . Actions | -11 -10 -10 -9 -8 --------- Run | Scr Mat Min Mat Mat Total 1122 | 80 294 83 585 80 Wait 83 | 1 . . 82 . Move 922 | 62 260 78 453 69 Hop . | . . . . . Pick Up 33 | 9 10 3 9 2 Fast Attach 1 | . 1 . . . Attach 24 | 6 2 . 10 6 Detach . | . . . . . Swap 5 | . 3 . 1 1 Drop 5 | . 3 . 2 . Fire 45 | . 15 . 28 2 Melee . | . . . . . Ram 4 | 2 . 2 . . Kick . | . . . . . Crush . | . . . . . Escape Stasis . | . . . . . Rewire . | . . . . . Trap . | . . . . . Miscellaneous . | . . . . . Route ------- -11/Scrapyard -10/Materials -10/Mines -9/Materials (discovered 2 exits: *Mat / [*Min]) -8/Materials History --------- Turn | Location | Event 21 | -11/Scrapyard | Discovered new exit (range 15) 73 | -11/Scrapyard | Entered Materials 302 | -10/Materials | Build established: Mutant 352 | -10/Materials | Discovered new exit (range 16) 385 | -10/Materials | Entered Mines 404 | -10/Mines | Learned Materials stockpile data 418 | -10/Mines | Found a hidden stash of uninstalled traps 459 | -10/Mines | Discovered new exit (range 9) 468 | -10/Mines | Entered Materials 468 | -9/Materials | Evolved 2 slots: Utility x1, Weapon x1 481 | -9/Materials | Discovered new exit (range 4) 576 | -9/Materials | Lost 3 parts (1p1n1w) 1189 | -9/Materials | Core integrity fell below 50% 1224 | -9/Materials | Lost 5 parts (1p1n3w) 1347 | -9/Materials | Core integrity fell below 20% 1462 | -9/Materials | Discovered new exit (range 3) 1465 | -9/Materials | Entered another Materials area 1465 | -8/Materials | Evolved 2 slots: Propulsion x1, Utility x1 1586 | -8/Materials | Self-destructed Last Messages --------------- 01571_ U-05 Engineer builds a Wall. 01572_ Slug penetrates Wall. 01575_ U-05 Engineer lays Concrete. 01575_ Slug penetrates Wall. 01575_ Lgt. Cannon destroyed. 01576_ U-05 Engineer lays Concrete. 01576_ Hover Unit destroyed. 01577_ U-05 Engineer lays Concrete. 01579_ U-05 Engineer builds a Wall. 01579_ U-05 Engineer lays Concrete. 01583_ U-05 Engineer builds a Door. 01583_ U-05 Engineer builds a Wall. 01583_ U-05 Engineer lays Concrete. 01584_ U-05 Engineer builds a Wall. 01584_ Slug penetrates Wall. 01584_ U-05 Engineer lays Concrete. 01584_ Imp. Ion Engine destroyed. 01585_ Field Recycling Unit collects Med. Armor Plating, recycling 15 matter... 01585_ U-05 Engineer lays Concrete. Map ----- +----------------------------------------------------+ | ?????????????????????? """ """ # !!! ## | | ?????????????????????? """ """ # !!! ?# | | ?????????????????????? """ """ # ???# | | ????????????????????? ###+###### | | ????????????????????? | | ?????????????????????? | | ?????????????????????????# | | ?????????????????????????# ##### ##########+# | | ????????????????????????????????# ####???????# | | ????????????????????????????????# #??????????# " | | ????????????????????????????????# #??????????# " | | ????????????????????????????????# #??????????# " | | ????????????????????????????????# #??????????# | | ??????????????????????????##????# #??????????# | | ?????????????#+################## ###????????# | | ???????????? #????????# "T | | ???????????? +????????# | | ???????????? uu #????????#### | | ??????????????????#+######/###########???????????? | | ??????????????????????# u [ #????????????????? | | ??????????????????????# gu #????????????????? | | ??????????????????????# #????????????????? | | ??????????????????????# #????????????????? | | ??????????????????????# """ #????????????????? | | ??????????????????????# """ #????????????????? | | ??????????????????????# @ """ #????????????????? | | ??????????????????????# #????????????????? | | ??????????????????????###########????????????????? | | ?????????????????????????????????????????????????? | | ?????????????????????????????????????????????????? | | ?????????????????????????????????????????????????? | | ?????????????????????????????????????????????????? | | ?????????????????????????????????????????????????? | | ?????????????????????????????????????????????????? | | ?????????????????????????????????????????????????? | | ?????????????????????????????????????????????????? | | ?????????????????????????????????????????????????? | | ?????????????????????????????????????????????????? | | ?????????????????????????????????????????????????? | | ?????????????????????????????????????????????????? | | ?????????????????????????????????????????????????? | | ?????????????????????????????????????????????????? | | ?????????????????????????????????????????????????? | | ?????????????????????????????????????????????????? | | ?????????????????????????????????????????????????? | | ?????????????????????????????????????????????????? | | ?????????????????????????????????????????????????? | | ?????????????????????????????????????????????????? | | ?????????????????????????????????????????????????? | | ?????????????????????????????????????????????????? | +----------------------------------------------------+ Best States ------------- Heat Dissipation 45 Energy Generation 12 Energy Capacity 265 Matter Stores 238 Matter Capacity 300 Sight Range 16 Terrain Scan Density 10 Armor Coverage 150 Evasion (%) 42 Recoil Reduction 1 Item Schematics ----------------- None Robot Schematics ------------------ None Fabricated ------------ Nothing Alien Tech Used ----------------- None Achievements -------------- None Challenges ------------ None Game ------ Seed ArchitectOmegaExpander Manual? 0 Play Time 00:16:13 Cumulative 5.7 hours Start 2021.05.21 @ 04:05:15 End 2021.05.21 @ 04:27:42 Sessions 1 Manual Loads 0 Difficulty Rogue Special Mode None Game No. 13 Rogue 13 Adventurer 0 Explorer 0 Win Type - Total 0 Types 0/0/0/0/0/0/0/0/0 Lore% 2 Gallery% 10 Achievement% 10 Wizard Run 0 Options --------- ASCII 0 Keyboard 0 Movement Numpad Keybinds 0 Fullscreen 1 Font 18/SmallcapsGlow Map View 76x50 Tactical HUD 1 Map Filters NONE Filters NONE Steam 1 RUN: b24d039f-5819-4049-83f6-dcec829b433f